 Dungeon Crawl Stone Soup version 0.25.0-11-g1f837a76a1 (webtiles) character file.

Game seed: 16701260087788558761

350614 dvd2 the Severer (level 21, -1/185 HPs)
             Began as a Demonspawn Gladiator on June 27, 2020.
             Killed from afar by a deep elf annihilator (46 damage)
             ... with a crystal spear
             ... on level 3 of the Elven Halls.
             The game lasted 02:41:10 (46652 turns).

dvd2 the Severer (Demonspawn Gladiator)            Turns: 46652, Time: 02:41:11

Health: -1/185     AC: 34    Str: 25    XL:     21   Next: 27%
Magic:  22/22      EV: 13    Int:  8    God:
Gold:   460        SH: 40    Dex: 14    Spells: 19/20 levels left

rFire    + . .     SeeInvis .   N - +3 war axe (elec)
rCold    + + .     Gourm    .   h - +10 tower shield of Ignorance {rN+ Int-4}
rNeg     + . .     Faith    .   C - +9 storm dragon scales {Bai Suzhen}
rPois    +         Spirit   .   (helmet unavailable)
rElec    +         Reflect  .   p - +2 cloak {MR+}
rCorr    .         Harm     .   i - +0 pair of gloves
MR       ++...                  D - +0 pair of boots {Fly}
Stlth    +++.......             o - amulet of regeneration
HPRegen  0.80/turn              Y - ring of Qoabial {rC++ AC+4 Slay+3}
MPRegen  0.18/turn              I - ring of poison resistance

@: lethally poisoned (-1 -> -8), flying
A: horns 3, large bone plates 3, clever 1, fire resistance 1, nightstalker 2,
robust 1, screaming 1, spiny 3, subdued magic 1
}: 2/15 runes: decaying, gossamer
a: Stop Flying


You were on level 3 of the Elven Halls.
You were not hungry.

You visited 7 branches of the dungeon, and saw 38 of its levels.
You visited 1 bazaar.
You also visited: Ice Cave.

You collected 5534 gold pieces.
You spent 5074 gold pieces at shops.

Inventory:

Hand Weapons
 a - the +5 morningstar "Assemaew" {elec, rPois rC+ Int+3}
   (You bought it in a shop in a bazaar)

   Occasionally, upon striking a foe, it will discharge some electrical energy
   and cause terrible harm.
   It affects your intelligence (+3).
   It protects you from cold.
   It protects you from poison.
 b - a +6 demon blade of electrocution
 c - a +3 vampiric demon whip
 d - a +3 scimitar of flaming
 e - the +14 obsidian axe {vorpal, +Fly SInv *Curse}
   (You bought it in a shop on level 14 of the Dungeon)

   It inflicts extra damage upon your enemies.
   It lets you see invisible.
   It lets you fly.
   It curses itself when equipped.
 N - a +3 war axe of electrocution (weapon)
Missiles
 w - 2 silver boomerangs (quivered)
 U - 8 silver javelins
 X - 6 javelins
Armour
 h - the +10 tower shield of Ignorance (worn) {rN+ Int-4}
   (You found it on level 1 of the Orcish Mines)

   It affects your intelligence (-4).
   It protects you from negative energy.
 i - a +0 pair of gloves (worn)
 p - a +2 cloak of magic resistance (worn)
 C - +9 storm dragon scales (worn) {Bai Suzhen}
 D - a +0 pair of boots of flying (worn)
Jewellery
 o - an amulet of regeneration (around neck)
 B - the ring "Mol Nuat" {+Fly rF++}
   (You found it on level 15 of the Dungeon)

   [ring of flight]

   It greatly protects you from fire.
   It lets you fly.
 I - a ring of poison resistance (right hand)
 S - the ring "Setwie" {rElec rF++ rC+ MR- Int+4}
   (You found it on level 3 of the Vaults)

   [ring of protection from cold]

   It affects your intelligence (+4).
   It greatly protects you from fire.
   It protects you from cold.
   It insulates you from electricity.
   It affects your resistance to hostile enchantments.
 V - a +6 ring of strength
 Y - the ring of Qoabial (left hand) {rC++ AC+4 Slay+3}
   (You acquired it on level 12 of the Dungeon)

   [ring of protection]

   It affects your AC (+4).
   It affects your accuracy and damage with ranged weapons and melee attacks
   (+3).
   It greatly protects you from cold.
Wands
 q - a wand of acid (1)
 s - a wand of digging (21)
 v - a wand of random effects (64)
 x - a wand of disintegration (32)
 z - a wand of flame (71)
 G - a wand of iceblast (60)
 K - a wand of paralysis (44)
Scrolls
 g - 31 scrolls of identify
 j - a scroll of fear
 y - 2 scrolls of amnesia
 E - 5 scrolls of teleportation
 H - a scroll of fog
 J - 10 scrolls of remove curse
 R - 2 scrolls of blinking
 T - a scroll of summoning
Potions
 k - 3 potions of cancellation
 m - 15 potions of curing
 n - 8 potions of haste
 r - a potion of berserk rage
 t - 2 potions of stabbing
 u - 7 potions of flight
 A - 3 potions of magic
 F - 5 potions of brilliance
 L - 2 potions of resistance
 M - 2 potions of invisibility
 O - 5 potions of heal wounds
 W - 3 potions of mutation
 Z - 10 potions of ambrosia
Miscellaneous
 P - 2 phantom mirrors
Comestibles
 f - 44 rations


   Skills:
 + Level 15.4 Fighting
 + Level 7.2 Long Blades
 + Level 18.3(19.0) Axes
 + Level 9.5(15.0) Maces & Flails
 + Level 2.1 Throwing
 + Level 10.6 Armour
 + Level 11.1 Dodging
 + Level 8.8 Stealth
 + Level 18.0 Shields
 + Level 0.2 Spellcasting
 + Level 0.2 Translocations
 + Level 1.9 Evocations


You had 19 spell levels left.
You knew the following spells:

 Your Spells              Type           Power        Failure   Level  Hunger
a - Apportation           Tloc           #.....       99%         1    ##.....

Your spell library contained the following spells:

 Spells                   Type           Power        Failure   Level  Hunger
 Beastly Appendage        Tmut           #.....       99%         1    ##.....
 Corona                   Hex            #......      99%         1    ##.....
 Foxfire                  Conj/Fire      #...         99%         1    ##.....
 Infusion                 Chrm           #...         99%         1    ##.....
 Shock                    Conj/Air       #...         99%         1    ##.....
 Summon Butterflies       Summ           #.......     99%         1    ##.....
 Ensorcelled Hibernation  Hex/Ice        #.....       100%        2    ###....
 Poisonous Vapours        Pois/Air       #.....       100%        2    ###....
 Shroud of Golubria       Chrm/Tloc      #.....       100%        2    ###....
 Song of Slaying          Chrm           #.......     100%        2    ###....
 Swiftness                Chrm/Air       #.......     100%        2    ###....
 Call Canine Familiar     Summ           #.......     100%        3    ####...
 Confusing Touch          Hex            #.......     100%        3    ####...
 Conjure Flame            Conj/Fire      #.......     100%        3    ####...
 Dazzling Flash           Conj/Hex       #.....       100%        3    ####...
 Ignite Poison            Fire/Tmut/Pois #.......     100%        3    ####...
 Inner Flame              Hex/Fire       #.......     100%        3    ####...
 Lesser Beckoning         Tloc           #.........   100%        3    ####...
 Mephitic Cloud           Conj/Pois/Air  #.......     100%        3    ####...
 Ozocubu's Armour         Chrm/Ice       #.......     100%        3    ####...
 Recall                   Summ/Tloc      N/A          100%        3    ####...
 Spectral Weapon          Hex/Chrm       #.......     100%        3    ####...
 Static Discharge         Conj/Air       #.......     100%        3    ####...
 Summon Guardian Golem    Hex/Summ       #.......     100%        3    ####...
 Tukima's Dance           Hex            #.......     100%        3    ####...
 Airstrike                Air            #.........   100%        4    #####..
 Animate Dead             Necr           N/A          100%        4    #####..
 Fulminant Prism          Conj/Hex       #.........   100%        4    #####..
 Sticky Flame             Conj/Fire      #.......     100%        4    #####..
 Summon Ice Beast         Ice/Summ       #.......     100%        4    #####..
 Summon Lightning Spire   Summ/Air       #.......     100%        4    #####..
 Alistair's Intoxication  Tmut/Pois      #.......     100%        5    ######.
 Borgnjor's Vile Clutch   Necr/Erth      #.........   100%        5    ######.
 Fireball                 Conj/Fire      #.........   100%        5    ######.
 Lightning Bolt           Conj/Air       #.........   100%        5    ######.
 Silence                  Hex/Air        #.........   100%        5    ######.
 Summon Mana Viper        Hex/Summ       #.......     100%        5    ######.
 Conjure Ball Lightning   Conj/Air       #.........   100%        6    #######
 Death Channel            Necr           #.........   100%        6    #######
 Freezing Cloud           Conj/Ice/Air   #.........   100%        6    #######
 Invisibility             Hex            #.......     100%        6    #######
 Simulacrum               Ice/Necr       #.........   100%        6    #######
 Starburst                Conj/Fire      #.........   100%        6    #######
 Malign Gateway           Summ/Tloc      #.........   100%        7    #######
 Monstrous Menagerie      Summ           #.........   100%        7    #######
 Ring of Flames           Chrm/Fire      #.........   100%        7    #######
 Summon Greater Demon     Summ           #.........   100%        7    #######
 Summon Hydra             Summ           #.........   100%        7    #######
 Ignition                 Fire           #.........   100%        8    #######
 Summon Horrible Things   Summ           #.........   100%        8    #######
 Shatter                  Erth           #.........   100%        9    #######
 Tornado                  Air            #.........   100%        9    #######


Dungeon Overview and Level Annotations

Branches:
Dungeon (15/15)            Temple (0/1) D:4            Lair (6/6) D:10
  Swamp (4/4) Lair:3       Spider (4/4) Lair:2        Slime (0/5) Lair:5
    Orc (2/2) D:10            Elf (3/3) Orc:2        Vaults (4/5) D:13
  Crypt (0/3) Vaults:2     Depths (0/5) D:15          IceCv (visited)

Altars:
Ashenzari
Dithmenos
Elyvilon
Gozag
Kikubaaqudgha
Makhleb
Nemelex Xobeh
The Shining One

Shops:
D:4 %%*(   D:6 =   D:9 [   D:12 *   D:14 (   D:15 **?(   Orc:1 *[   Orc:2 (}%?
Elf:1 %   Vaults:2 }

Portals:
Pandemonium: Orc:2

Annotations:
Spider:4 Roxanne
Orc:1 1 runed translucent door, exclusion: 3 orange crystal statues
Vaults:1 36 runed doors


Innate Abilities, Weirdness & Mutations

You have a pair of large horns on your head.
You are completely covered in large bone plates. (SH +8)
You are significantly more attuned to the shadows.
You are robust. (+10% HP)
You are completely covered in sharp spines.
Your mind is acute. (Int +2)
Your flesh is heat resistant. (rF+)
You occasionally shout uncontrollably at your foes.
Your spells are a little easier to cast, but a little less powerful.


Message History

Aiming: Corrosive Bolt
Press: ? - help, Shift-Dir - straight line, f/p - deep elf demonologist
Aim: a deep elf demonologist, wielding a +0 short sword (severely wounded, spells empowered)
The bolt of acid hits the Hell Sentinel but does no damage.
The Hell Sentinel is lightly wounded.
The bolt of acid hits the deep elf demonologist!
The deep elf demonologist is splashed with acid.
The acid corrodes the deep elf demonologist!
The deep elf demonologist is almost dead.
You feel sick.
You block the deep elf blademaster's attack. x2
You block the Hell Sentinel's attack.
The Hell Sentinel hits you but does no damage.
You block the reaper's attack.
You block the deep elf blademaster's attack.
The deep elf blademaster hits you with a +0 rapier.
* * * LOW HITPOINT WARNING * * *
The deep elf annihilator gestures at you while chanting.
The crystal spear hits you!!!
You die...

###.## #.# ###.## .#.#####.####
##.## ..##........## ##.##
.............# ##.##
..##........## ##.#
..####.#.##########.# ..###.##.#
#.#....### .###.###.# #.e......#
....## #.# #.e@e2...#### .####
#.# ##..1.....<.# ## ###
####e####... ***#...4e..####
****,..e....e....###*
***,,,,...#...#....e..***
##*****,,,,,,...............,,***
.#*,,,**,,,,*###.....####...,**,,
##**,,,*,,***,,#######,,**#.,*,,,


You could see a Hell Sentinel (summoned, corroded), a deep elf blademaster, a
reaper (summoned), a deep elf annihilator (empowered), a deep elf death mage
(empowered), a deep elf elementalist (fast, empowered, repels missiles), a deep
elf demonologist (empowered, corroded), a deep elf high priest (brilliance aura,
corroded) and a rust devil (summoned, corroded).

Vanquished Creatures
  Mara (Spider:4)
  Bai Suzhen (Spider:3)
  the Lernaean hydra (Swamp:4)
  Xtahua (Vaults:4)
  Nikola (Swamp:2)
  Jory (Vaults:4)
  2 Ice Fiends (IceCv)
  A tentacled monstrosity (Swamp:2)
  A deep elf blademaster (Elf:2)
  Asterion (Spider:3)
  A sphinx (D:14)
  3 thorn hunters
  An azure jelly (Swamp:4)
  2 fire giants
  Aizul (Elf:1)
  9 vault wardens
  A ghost moth (Spider:4)
  2 deep elf sorcerers
  7 ironheart preservers
  A deep elf elementalist (Elf:3)
  A ghoul (Vaults:3)
  8 emperor scorpions
  2 very ugly things (Vaults:1)
  2 entropy weavers
  2 war gargoyles (D:14)
  6 stone giants
  A vampire knight (D:14)
  A deep elf demonologist (Vaults:1)
  2 deep elf annihilators (Elf:3)
  A spark wasp (Spider:4)
  A deep elf death mage (Vaults:1)
  The ghost of TimelessDreamer the Fighter, a journeyman DsWn of Gozag (Lair:5)
  4 ettins
  Josephine (Swamp:1)
  A fire dragon (Lair:6)
  A great orb of eyes (Vaults:3)
  7 yaktaur captains
  3 ice dragons
  19 hydras
  12 vault guards
  9 centaur warriors
  4 shambling mangroves
  4 ghost crabs
  4 ogre magi
  6 death knights
  20 dancing weapons
  11 alligators
  A catoblepas (D:13)
  A two-headed ogre (shapeshifter) (Vaults:3)
  19 two-headed ogres
  2 deep troll earth magi (Vaults:4)
  2 deep troll shamans (Vaults:4)
  A tengu warrior (D:14)
  7 orc high priests (Orc:2)
  Urug (Lair:5)
  A soul eater (D:15)
  The ghost of ciphuk the Grappler, a novice TrMo (D:7)
  A shock serpent (shapeshifter) (Elf:1)
  A fire crab (Lair:6)
  21 deep elf knights
  25 slime creatures
  A sixfirhy (D:15)
  2 shadow wraiths (Vaults:1)
  A swamp dragon (shapeshifter) (Vaults:2)
  2 infernal demonspawn (Orc:2)
  A hell knight (Vaults:3)
  A wizard (Vaults:1)
  2 torturous demonspawn (Orc:2)
  3 skeletal warriors (Vaults:1)
  9 deep trolls
  A spriggan druid (Swamp:3)
  13 deep elf archers
  A phantasmal warrior (Vaults:2)
  9 swamp dragons
  14 ironbrand convokers
  Pikel (D:4)
  16 orc knights
  An obsidian statue (D:15)
  4 harpies (Vaults:1)
  A necromancer (Vaults:2)
  2 harpies (shapeshifter)
  68 deep elf magi
  7 orb spiders
  28 wolf spiders
  5 cyclopes
  7 orc sorcerers
  A manticore (D:15)
  34 ugly things
  16 vault sentinels
  A rust devil (Orc:2)
  4 black mambas
  A moth of wrath (Spider:4)
  Joseph (D:8)
  3 centaur zombies
  2 ice statues (IceCv)
  Maurice (Orc:1)
  3 centaur skeletons
  2 molten gargoyles (Lair:6)
  15 spiny frogs
  A titan simulacrum (Vaults:3)
  5 torpor snails
  A rime drake (Lair:5)
  34 yaktaurs
  2 kobold demonologists
  7 freezing wraiths
  10 ice devils (IceCv)
  A yaktaur zombie (Vaults:4)
  2 efreet
  3 red devils
  A hellwing (D:15)
  3 komodo dragons
  13 demonic crawlers
  A redback zombie (D:15)
  7 tyrant leeches
  9 trolls
  15 jumping spiders
  13 hornets
  2 meliai (shapeshifter)
  2 hippogriffs (shapeshifter)
  11 blink frogs
  10 dream sheep
  7 hippogriffs
  6 bog bodies
  A fire giant simulacrum (Vaults:1)
  Sigmund (D:5)
  53 redbacks
  8 wraiths
  7 spriggans
  4 wyverns
  4 air elementals
  A tarantella (shapeshifter) (D:14)
  2 basilisks (Lair:6)
  9 humans
  21 tarantellas
  3 water elementals
  A large abomination (D:15)
  3 hungry ghosts
  57 yaks
  A yak (shapeshifter) (Vaults:1)
  2 chaos spawn (Orc:2)
  A steam dragon (Lair:6)
  30 vampire mosquitoes
  Menkaure (D:7)
  2 insubstantial wisps (Swamp:4)
  4 wargs
  2 acid dragons
  6 water moccasins
  8 swamp worms
  7 porcupines
  2 hell hounds (Lair:6)
  40 orc warriors
  4 ice beasts
  3 slaves (D:4)
  4 phantoms
  3 sky beasts
  9 swamp drakes
  8 boggarts (Vaults:3)
  5 necrophages (Swamp:4)
  2 black bears
  An eye of draining (D:13)
  15 ogres
  4 wolves (Lair:1)
  A tengu (shapeshifter) (Elf:1)
  13 centaurs
  Blork the orc (D:6)
  11 crocodiles
  A wyvern zombie (D:12)
  5 big kobolds
  11 bullfrogs
  4 earth elementals
  4 scorpions
  A wyvern skeleton (D:14)
  A water moccasin skeleton (D:8)
  5 killer bees (D:11)
  8 wights
  4 howler monkeys
  5 electric eels
  9 crimson imps
  7 quasits
  3 bullfrog zombies
  4 lava snakes (Lair:6)
  8 hounds
  27 orc priests
  27 orc wizards
  4 bullfrog skeletons
  6 jellies
  An iron imp (D:15)
  5 iguanas
  9 worker ants
  A hound zombie (D:4)
  3 worker ant zombies
  2 howler monkey skeletons
  11 adders
  3 shadow imps
  10 white imps
  7 ufetubi
  An ooze (D:2)
  2 adder zombies (D:4)
  2 worms (D:2)
  5 leopard geckos
  82 orcs
  5 giant cockroaches
  13 goblins
  6 hobgoblins
  5 jackals
  25 kobolds
  A quokka (D:9)
  2 ball pythons (D:3)
  A ball python skeleton (D:4)
  6 bats
  3 frilled lizards
  A giant cockroach zombie (D:4)
  A jackal skeleton (D:4)
  A leopard gecko zombie (D:4)
  A quokka skeleton (D:4)
  10 rats
  A briar patch (Swamp:1)
  6 plants
1448 creatures vanquished.

Vanquished Creatures (collateral kills)
  A fire giant (Vaults:3)
  A deep elf sorcerer (Elf:3)
  2 vault wardens (Vaults:2)
  2 ironheart preservers
  An entropy weaver (Vaults:3)
  A deep elf annihilator (Elf:3)
  A spark wasp (Spider:2)
  A fire dragon (Vaults:3)
  3 yaktaur captains
  3 vault guards
  A rakshasa (Vaults:3)
  A dancing weapon (Elf:2)
  5 two-headed ogres
  2 deep elf knights
  A wizard (Vaults:2)
  2 deep trolls
  5 ironbrand convokers
  A necromancer (Vaults:4)
  2 deep elf archers
  2 harpies (Vaults:1)
  A stone giant zombie (Vaults:4)
  2 orb spiders
  2 deep elf magi
  3 wolf spiders (Spider:2)
  An orc knight (Vaults:3)
  An orc sorcerer (Vaults:4)
  An ugly thing (Vaults:2)
  4 oklob plants (Lair:5)
  A cyclops (Vaults:2)
  A molten gargoyle (Lair:6)
  3 ice devils (IceCv)
  4 komodo dragons (Lair:6)
  6 yaktaurs
  A demonic crawler (Spider:2)
  2 jumping spiders
  3 hornets (Swamp:4)
  2 blink frogs (Lair:6)
  2 dream sheep (Lair:6)
  5 redbacks (Spider:2)
  2 tarantellas (Spider:2)
  A wraith (Vaults:3)
  2 wyverns (Lair:6)
  4 yaks (Lair:6)
  2 steam dragons (Lair:6)
  A fire elemental (Elf:3)
  A hell hound (Lair:6)
  2 orc warriors
  A human skeleton (Vaults:4)
  A crocodile (Lair:6)
  A lava snake (Lair:6)
  An ufetubus (IceCv)
  2 orcs (Vaults:3)
  2 plants
106 creatures vanquished.

Vanquished Creatures (others)
  A fire giant (Vaults:4)
  2 deep elf knights
  A deep elf mage (Vaults:1)
  A vault sentinel (Vaults:3)
  A tyrant leech (Swamp:4)
  2 humans (D:13)
  2 vampire mosquitoes (Swamp:2)
  3 insubstantial wisps (Swamp:4)
  An orc warrior (Vaults:3)
  An electric eel (D:13)
  3 white imps (IceCv)
  An ufetubus (IceCv)
  An orc (D:12)
  2 briar patches (Swamp:3)
  3 bushes
  14 fungi
  11 plants
50 creatures vanquished.

Grand Total: 1604 creatures vanquished

Notes
Turn   | Place    | Note
-------+----------+-------------------------------------------
     0 | D:1      | dvd2 the Demonspawn Gladiator began the quest for the Orb.
     0 | D:1      | Reached XP level 1. HP: 16/16 MP: 1/1
     6 | D:1      | Noticed a seven-headed hydra
     6 | D:1      | Noticed a black mamba
     7 | D:1      | Noticed a black bear
     7 | D:1      | Noticed a redback
   266 | D:1      | Gained mutation: You are slightly more attuned to the
                  | shadows. [demonic ancestry]
   266 | D:1      | Reached XP level 2. HP: 22/22 MP: 2/2
   869 | D:2      | Reached XP level 3. HP: 7/27 MP: 3/3
  2363 | D:2      | Gained mutation: You have a pair of small horns on your
                  | head. [demonic ancestry]
  2363 | D:2      | Reached XP level 4. HP: 27/34 MP: 4/4
  2367 | D:2      | Reached skill level 1 in Armour
  3298 | D:3      | Reached skill level 1 in Shields
  3298 | D:3      | Gained mutation: You are partially covered in sharp spines.
                  | [demonic ancestry]
  3298 | D:3      | Reached XP level 5. HP: 27/39 MP: 5/5
  3591 | D:3      | Reached skill level 1 in Axes
  3619 | D:3      | Found a burning altar of Makhleb.
  3716 | D:4      | Found Ymuhiude's Weapon Emporium.
  3740 | D:4      | Found a staircase to the Ecumenical Temple.
  3947 | D:4      | Reached XP level 6. HP: 13/47 MP: 6/6
  4216 | D:4      | Found Aduav's Food Boutique.
  4231 | D:4      | Reached skill level 1 in Stealth
  4254 | D:4      | Found Zogism's Food Shoppe.
  4350 | D:4      | Found Wamud's General Store.
  4369 | D:4      | Noticed a slave
  4369 | D:4      | Noticed a slave
  4379 | D:4      | Killed a slave
  4379 | D:4      | Noticed Pikel
  4388 | D:4      | Noticed a slave
  4389 | D:4      | Noticed a slave
  4736 | D:4      | Found a glowing golden altar of the Shining One.
  4736 | D:4      | Found an ancient bone altar of Kikubaaqudgha.
  4737 | D:4      | Found an opulent altar of Gozag.
  4893 | D:4      | Killed a slave
  4914 | D:4      | Killed a slave
  5509 | D:5      | Entered Level 5 of the Dungeon
  5687 | D:5      | Found a sparkling altar of Nemelex Xobeh.
  5767 | D:5      | Reached XP level 7. HP: 43/52 MP: 7/7
  5942 | D:5      | Noticed Sigmund
  5957 | D:5      | Killed Sigmund
  7140 | D:4      | Killed Pikel
  7140 | D:4      | Gained mutation: You have a pair of horns on your head.
                  | [demonic ancestry]
  7140 | D:4      | Reached XP level 8. HP: 24/61 MP: 8/8
  7358 | D:6      | Reached skill level 5 in Axes
  8403 | D:6      | Reached XP level 9. HP: 63/67 MP: 9/9
  8459 | D:6      | Noticed Blork the orc
  8468 | D:6      | Killed Blork the orc
  8583 | D:6      | Found Fisuajye's Jewellery Emporium.
  8601 | D:6      | Bought an uncursed amulet of regeneration for 330 gold
                  | pieces
  8803 | D:7      | Reached skill level 5 in Fighting
  8824 | D:7      | Noticed Menkaure
  8830 | D:7      | Killed Menkaure
  8976 | D:7      | Found a runed translucent door.
  8980 | D:7      | Noticed ciphuk's ghost (novice TrMo)
  9017 | D:7      | Reached skill level 5 in Dodging
  9049 | D:7      | Reached skill level 5 in Armour
  9972 | D:8      | Noticed Joseph
  9992 | D:8      | Killed Joseph
  9992 | D:8      | Gained mutation: You are mostly covered in sharp spines.
                  | [demonic ancestry]
  9992 | D:8      | Reached XP level 10. HP: 58/76 MP: 10/10
 10570 | D:9      | Found a shadowy altar of Dithmenos.
 10572 | D:9      | Found a shattered altar of Ashenzari.
 10738 | D:9      | Found Paezeoba's Armour Emporium.
 11061 | D:10     | Entered Level 10 of the Dungeon
 11209 | D:10     | Found a staircase to the Lair.
 11224 | D:10     | HP: 1/77 [orc warrior/+0 war axe (24)]
 11242 | D:10     | HP: 3/77 [warg (9)]
 11426 | Lair:1   | Entered Level 1 of the Lair of Beasts
 11428 | Lair:1   | Noticed a spiny frog
 11443 | Lair:1   | Killed a spiny frog
 11634 | Lair:1   | Noticed a spiny frog
 11635 | Lair:1   | Noticed a spiny frog
 11672 | Lair:1   | Killed a spiny frog
 11672 | Lair:1   | Reached XP level 11. HP: 18/83 MP: 11/11
 11672 | Lair:1   | Reached skill level 10 in Axes
 12020 | Lair:3   | Found a staircase to the Swamp.
 12209 | Lair:6   | Entered Level 6 of the Lair of Beasts
 12377 | Lair:3   | Noticed an eight-headed hydra
 12546 | Lair:2   | Gained mutation: Your body sometimes deteriorates upon
                  | taking damage. [potion of mutation]
 12546 | Lair:2   | Gained mutation: Your mind is acute. (Int +2) [potion of
                  | mutation]
 12676 | Lair:2   | Identified 2 scrolls of acquirement
 13055 | Lair:2   | Noticed a wolf spider
 13056 | Lair:2   | Noticed a wolf spider
 13067 | Lair:2   | Killed a wolf spider
 13470 | Lair:3   | Killed an eight-headed hydra
 14074 | Lair:4   | Reached skill level 5 in Stealth
 14081 | Lair:4   | Reached skill level 1 in Maces & Flails
 14946 | Lair:5   | Noticed an oklob plant
 15021 | Lair:5   | Found a staircase to the Slime Pits.
 15119 | Lair:5   | Gained mutation: You are completely covered in sharp
                  | spines. [demonic ancestry]
 15119 | Lair:5   | Reached XP level 12. HP: 73/92 MP: 12/12
 15288 | Lair:5   | Noticed Urug
 15303 | Lair:5   | Killed Urug
 15376 | Lair:5   | Found a runed translucent door.
 15377 | Lair:5   | Noticed TimelessDreamer's ghost (journeyman DsWn)
 15892 | Lair:6   | Noticed a four-headed hydra
 15908 | Lair:6   | Killed a four-headed hydra
 16396 | Lair:1   | Found a glowing golden altar of the Shining One.
 16422 | Lair:1   | Reached skill level 5 in Shields
 16630 | Lair:1   | Noticed a seven-headed hydra
 16645 | Lair:1   | Killed a seven-headed hydra
 17287 | D:10     | Found a staircase to the Orcish Mines.
 17556 | Orc:1    | Entered Level 1 of the Orcish Mines
 17557 | Orc:1    | Noticed Maurice
 17588 | Orc:1    | Killed Maurice
 17621 | Orc:1    | Found Qinad's Armour Emporium.
 17624 | Orc:1    | Noticed a two-headed ogre
 17638 | Orc:1    | Killed a two-headed ogre
 17750 | Orc:1    | Found Emaonn's General Store.
 17857 | Orc:1    | Found a runed translucent door.
 17867 | Orc:1    | Found the +10 tower shield of Ignorance {rN+ Int-4}
 17872 | Orc:1    | Found a runed translucent door.
 17960 | Orc:1    | Gained mutation: You are partially covered in large bone
                  | plates. (SH +4) [demonic ancestry]
 17960 | Orc:1    | Reached XP level 13. HP: 101/101 MP: 13/13
 18236 | Orc:1    | Learned a level 1 spell: Apportation
 18306 | Orc:2    | Entered Level 2 of the Orcish Mines
 18996 | Orc:2    | Found Xory's Food Shoppe.
 19127 | Orc:2    | Found Qoimit's Magic Scroll Emporium.
 19327 | Orc:2    | Bought a scroll of enchant armour for 112 gold pieces
 19360 | Orc:2    | Found a staircase to the Elven Halls.
 20331 | Orc:2    | Reached skill level 10 in Fighting
 20336 | Orc:2    | Found Kietsama's Antique Weapon Shop.
 20336 | Orc:2    | Found a one-way gate leading to the halls of Pandemonium.
 20336 | Orc:2    | Found Ofotul's Gadget Boutique.
 20554 | D:7      | Killed ciphuk's ghost
 20654 | Orc:1    | Bought a +2 pair of boots for 214 gold pieces
 20804 | D:11     | Found a shadowy altar of Dithmenos.
 20883 | D:11     | Found a white marble altar of Elyvilon.
 21009 | D:11     | Gained mutation: You are mostly covered in large bone
                  | plates. (SH +6) [demonic ancestry]
 21009 | D:11     | Reached XP level 14. HP: 110/110 MP: 14/14
 21837 | D:12     | Found Royqoigi's Assorted Antiques.
 22994 | D:13     | Found a gate to the Vaults.
 23201 | D:6      | Bought an uncursed ring of poison resistance for 220 gold
                  | pieces
 23727 | D:14     | Reached skill level 1 in Evocations
 23804 | D:14     | Reached skill level 10 in Shields
 24480 | D:14     | Noticed a vampire knight
 24511 | D:14     | Killed a vampire knight
 24511 | D:14     | Reached XP level 15. HP: 108/117 MP: 15/15
 24725 | D:14     | Reached skill level 5 in Long Blades
 24811 | D:14     | Noticed a sphinx
 24828 | D:14     | Killed a sphinx
 24855 | D:14     | Found Qohog's Antique Weapon Boutique.
 24862 | D:14     | Bought the cursed +14 obsidian axe {vorpal, +Fly SInv
                  | *Curse} for 1984 gold pieces
 24862 | D:14     | Found the cursed +14 obsidian axe {vorpal, +Fly SInv
                  | *Curse}
 25403 | Lair:6   | Found a large runed translucent door.
 25404 | Lair:6   | Found a large runed translucent door.
 26037 | Lair:5   | Killed TimelessDreamer's ghost
 26119 | Lair:5   | Got a smoking granite ring
 26123 | Lair:5   | Identified the cursed ring "Zaadgh" {rC- EV-4 Int+5 Dex+3}
                  | (You found it on level 5 of the Lair of Beasts)
 26234 | Lair:2   | Found a hole to the Spider Nest.
 26246 | Spider:1 | Entered Level 1 of the Spider Nest
 26497 | Spider:2 | Reached skill level 10 in Dodging
 27137 | Spider:3 | Reached skill level 15 in Axes
 27503 | Spider:4 | Entered Level 4 of the Spider Nest
 27510 | Spider:4 | Gained mutation: You are significantly more attuned to the
                  | shadows. [demonic ancestry]
 27510 | Spider:4 | Reached XP level 16. HP: 126/126 MP: 16/16
 27558 | Spider:4 | Noticed Mara
 27559 | Spider:4 | Noticed dvd2's illusion
 27582 | Spider:4 | Noticed dvd2's illusion
 27609 | Spider:4 | Noticed dvd2's illusion
 27614 | Spider:4 | Noticed dvd2's illusion
 27615 | Spider:4 | Killed Mara
 27758 | Spider:4 | Noticed Asterion
 27948 | Spider:3 | Killed Asterion
 28192 | Spider:4 | Noticed Bai Suzhen
 28378 | Spider:4 | Identified Roxanne's Compendium of Transmutation
 28378 | Spider:4 | Noticed Roxanne
 28552 | Spider:3 | Killed Bai Suzhen
 29780 | Spider:4 | Got a gossamer rune of Zot
 29990 | Swamp:1  | Entered Level 1 of the Swamp
 30001 | Swamp:1  | Reached skill level 5 in Maces & Flails
 30084 | Swamp:1  | Noticed Josephine
 30098 | Swamp:1  | Killed Josephine
 30688 | Swamp:1  | Noticed a thorn hunter
 30711 | Swamp:1  | Killed a thorn hunter
 30856 | Swamp:2  | Noticed a thorn hunter
 30872 | Swamp:2  | Killed a thorn hunter
 30900 | Swamp:2  | Reached XP level 17. HP: 133/133 MP: 17/17
 31145 | Swamp:2  | Noticed Nikola
 31177 | Swamp:2  | Killed Nikola
 31215 | Swamp:2  | Noticed a tentacled monstrosity
 31526 | Swamp:2  | Killed a tentacled monstrosity
 31867 | Swamp:3  | HP: 5/133 [spriggan rider/+0 spear (16)]
 32904 | Swamp:4  | Entered Level 4 of the Swamp
 32973 | Swamp:4  | Found a frozen archway.
 33063 | IceCv    | Entered an ice cave
 33318 | IceCv    | Noticed an Ice Fiend
 33318 | IceCv    | Noticed an Ice Fiend
 33713 | IceCv    | Killed an Ice Fiend
 33889 | IceCv    | Lost mutation: Your body sometimes deteriorates upon taking
                  | damage. [potion of mutation]
 33889 | IceCv    | Lost mutation: Your mind is acute. (Int +2) [potion of
                  | mutation]
 33889 | IceCv    | Gained mutation: Scrolls take you a little longer to read.
                  | [potion of mutation]
 33889 | IceCv    | Gained mutation: You occasionally shout uncontrollably at
                  | your foes. [potion of mutation]
 33889 | IceCv    | Gained mutation: Your mind is acute. (Int +2) [potion of
                  | mutation]
 33889 | IceCv    | Gained mutation: You are agile. (Dex +2) [potion of
                  | mutation]
 33891 | IceCv    | Lost mutation: Scrolls take you a little longer to read.
                  | [potion of mutation]
 33891 | IceCv    | Lost mutation: You are agile. (Dex +2) [potion of mutation]
 33891 | IceCv    | Gained mutation: Your flesh is heat resistant. (rF+)
                  | [potion of mutation]
 33891 | IceCv    | Gained mutation: Your spells are a little easier to cast,
                  | but a little less powerful. [potion of mutation]
 33891 | IceCv    | Gained mutation: You possess an exceptional clarity of
                  | mind. [potion of mutation]
 33938 | IceCv    | Found the cursed +13 scythe of Curses {drain, *Curse}
 34117 | IceCv    | Killed an Ice Fiend
 34918 | Swamp:4  | Noticed the 27-headed Lernaean hydra
 35607 | Swamp:4  | Killed the 21-headed Lernaean hydra
 35607 | Swamp:4  | Gained mutation: You have a pair of large horns on your
                  | head. [demonic ancestry]
 35607 | Swamp:4  | Reached XP level 18. HP: 77/142 MP: 19/19
 35619 | Swamp:4  | Got a decaying rune of Zot
 35902 | Vaults:1 | Entered Level 1 of the Vaults
 36056 | Vaults:1 | Reached skill level 15 in Shields
 36888 | Vaults:1 | Found a huge runed gate.
 36889 | Vaults:1 | Found a huge runed gate.
 36889 | Vaults:1 | Found a huge runed gate.
 36889 | Vaults:1 | Found a huge runed gate.
 36889 | Vaults:1 | Found a huge runed gate.
 36889 | Vaults:1 | Found a huge runed gate.
 36891 | Vaults:1 | Found a huge runed gate.
 36891 | Vaults:1 | Found a huge runed gate.
 36891 | Vaults:1 | Found a huge runed gate.
 36891 | Vaults:1 | Found a huge runed gate.
 36892 | Vaults:1 | Found a huge runed gate.
 36893 | Vaults:1 | Found a huge runed gate.
 36894 | Vaults:1 | Found a huge runed gate.
 36895 | Vaults:1 | Found a huge runed gate.
 36896 | Vaults:1 | Found a huge runed gate.
 36902 | Vaults:1 | Found a huge runed gate.
 36902 | Vaults:1 | Found a huge runed gate.
 36902 | Vaults:1 | Found a huge runed gate.
 36902 | Vaults:1 | Found a huge runed gate.
 36902 | Vaults:1 | Found a huge runed gate.
 36903 | Vaults:1 | Found a huge runed gate.
 36904 | Vaults:1 | Found a huge runed gate.
 36905 | Vaults:1 | Found a huge runed gate.
 36906 | Vaults:1 | Found a huge runed gate.
 36912 | Vaults:1 | Found a huge runed gate.
 36912 | Vaults:1 | Found a huge runed gate.
 36912 | Vaults:1 | Found a huge runed gate.
 36912 | Vaults:1 | Found a huge runed gate.
 36913 | Vaults:1 | Found a huge runed gate.
 36914 | Vaults:1 | Found a huge runed gate.
 36915 | Vaults:1 | Found a huge runed gate.
 36916 | Vaults:1 | Found a huge runed gate.
 36917 | Vaults:1 | Found a huge runed gate.
 36923 | Vaults:1 | Found a huge runed gate.
 36923 | Vaults:1 | Found a huge runed gate.
 36923 | Vaults:1 | Found a huge runed gate.
 37247 | Vaults:1 | Found the +6 lightning scales {run, rElec}
 38083 | Vaults:2 | Found Piussop's Gadget Shop.
 38603 | Vaults:2 | Found a staircase to the Crypt.
 38937 | Vaults:3 | Gained mutation: You are completely covered in large bone
                  | plates. (SH +8) [demonic ancestry]
 38937 | Vaults:3 | Reached XP level 19. HP: 142/150 MP: 20/20
 39591 | Vaults:3 | Reached skill level 10 in Armour
 39786 | Vaults:3 | Got a sparkling bronze ring
 39787 | Vaults:3 | Identified the ring "Setwie" {rElec rF++ rC+ MR- Int+4}
                  | (You found it on level 3 of the Vaults)
 40609 | Vaults:4 | Noticed Jory
 40628 | Vaults:4 | Killed Jory
 40683 | Vaults:4 | Noticed Xtahua
 40692 | Vaults:4 | Killed Xtahua
 41040 | Vaults:4 | Gained mutation: You are robust. (+10% HP) [demonic
                  | ancestry]
 41040 | Vaults:4 | Reached XP level 20. HP: 122/176 MP: 21/21
 42031 | D:12     | Bought a pair of glowing boots for 247 gold pieces
 42041 | D:12     | Bought a scroll of acquirement for 1716 gold pieces
 42042 | D:12     | Got the ring of Qoabial {rC++ AC+4 Slay+3}
 42188 | D:15     | Entered Level 15 of the Dungeon
 42204 | D:15     | Found Huvaagem's Assorted Antiques.
 42238 | D:15     | Found Souck's Magic Scroll Boutique.
 42380 | D:15     | Lost mutation: You possess an exceptional clarity of mind.
                  | [a neqoxec]
 42401 | D:15     | Identified the Guide on Moulding
 42407 | D:15     | Got an ancient bone ring
 42412 | D:15     | Identified the ring "Mol Nuat" {+Fly rF++} (You found it on
                  | level 15 of the Dungeon)
 42478 | D:15     | Found Vihiw's General Store.
 42533 | D:15     | Found a white marble altar of Elyvilon.
 42586 | D:15     | Found Cadwaeso's Weapon Boutique.
 42845 | D:15     | Found a flickering gateway to a bazaar.
 42876 | Bazaar   | Entered a bazaar
 42876 | Bazaar   | Found Ryiben's Antique Armour Shoppe.
 42876 | Bazaar   | Found Ryxyab's Antique Weapon Shop.
 42887 | Bazaar   | Found Xidwob's General Store.
 42900 | Bazaar   | Found Humoig's Weapon Boutique.
 42941 | Bazaar   | Bought a translucent morningstar for 180 gold pieces
 42941 | Bazaar   | Identified the +5 morningstar "Assemaew" {elec, rPois rC+
                  | Int+3} (You bought it in a shop in a bazaar)
 42956 | Bazaar   | Bought a potion of curing for 33 gold pieces
 42956 | Bazaar   | Bought a scroll of magic mapping for 38 gold pieces
 43208 | D:15     | Found a staircase to the Depths.
 43633 | Elf:1    | Entered Level 1 of the Elven Halls
 43703 | Elf:1    | Found Meamasith's Food Emporium.
 43750 | Elf:1    | Reached skill level 15 in Fighting
 44321 | Elf:1    | Noticed Aizul
 44338 | Elf:1    | Killed Aizul
 44626 | Elf:1    | Identified Wocroph's Compendium of Supportive Conjuration
 45062 | Elf:2    | Found a runed translucent gate.
 45063 | Elf:2    | Found a runed translucent gate.
 45066 | Elf:2    | Found a runed translucent gate.
 45541 | Elf:2    | Reached XP level 21. HP: 184/184 MP: 22/22
 45884 | Elf:3    | Entered Level 3 of the Elven Halls
 46652 | Elf:3    | Killed from afar by a deep elf annihilator

Illustrated notes

Levels and vault maps discovered:
D:1:      onia_arrival_zoo_common, layout_rooms
D:2:      layout_basic, serial_bayou_pond_d,
          wander_ebering_terrifying_dragon_lair
D:3:      layout_basic, lightli_temple_of_fire, first_ration
D:4:      layout_loops_ring, gammafunk_temple_overflow_claw,
          minmay_temple_entry_mist, serial_undead, serial_undead_e,
          serial_undead_e, serial_undead_b, serial_undead_e, serial_undead_b,
          serial_undead_e, serial_shops, shop, nicolae_shop_trees,
          kennysheep_mini_moat, shop, minmay_crossroads, uniq_pikel
D:5:      layout_basic, nemelex_altar_shiori, uniq_sigmund
D:6:      layout_loops_corners, serial_shops, nicolae_shop_window_shopping,
          hangedman_decor_push, minmay_ogre_servants, uniq_blork_the_orc
D:7:      layout_layer_cave, ebering_ghost_reflecting_pool, uniq_menkaure
D:8:      layout_rooms, grunt_pizzeria, minmay_checkerbox, uniq_joseph
D:9:      layout_gridville, chequers_temple_overflow_statue_of_worship,
          serial_shops, nicolae_shop_stone, minmay_fire_ice_demons
D:10:     layout_basic, erik_lair_orcish_takeover, orc_0_dummy
D:11:     layout_cave_pods, gauntlet_entry_generic, basic_altar,
          nicolae_dithmenos_the_darkroom
D:12:     layout_cave_pools, serial_shops, shop
D:13:     layout_basic, ximxim_vaults_locker_room, chequers_hall_statues_y,
          elves_outpost_lemuel
D:14:     layout_loops_ring, serial_shops, shop, chequers_serial_rivers_large_a,
          minmay_diamond_spiral
D:15:     grunt_enter_depths_snipers, layout_gridville, elyvilon_altar_5,
          serial_shops, bzr_entry_gold, shop, nicolae_shop_stone, shop, shop,
          hangedman_devilish_allure
Lair:1:   layout_small_grid, basic_altar
Lair:2:   layout_big_grid, spider_nest_entry_funnel_web, serial_rivers,
          chequers_serial_rivers_micro_c, chequers_serial_rivers_micro_e,
          chequers_serial_rivers_micro_e, chequers_serial_rivers_marsh,
          chequers_serial_rivers_micro_c, chequers_serial_rivers_micro_d
Lair:3:   layout_chaotic_city, swamp_mist, grunt_megastairs_4,
          serial_bayou_shore_b, lemuel_fruit_fields
Lair:4:   layout_cave_pods, infiniplex_staircase_pool_2
Lair:5:   layout_small_grid, slime_dummy, ebering_ghost_inner_flame,
          serial_bayou_pond_d, grunt_megastairs_5, minmay_lair_oklob_chamber,
          uniq_urug
Lair:6:   cheibrodos_lair_end_hotspot, layout_loops_ring,
          nicolae_quartered_pool_super
Swamp:1:  layout_falls_marsh, nicolae_swamp_triple_paths, uniq_josephine
Swamp:2:  cheibrodos_swamp_monstrosity, layout_falls_marsh,
          hangedman_swamp_lotus, uniq_nikola
Swamp:3:  layout_basic_swamp, evilmike_swamp_ruin_wall
Swamp:4:  grunt_swamp_rune_castle, layout_basic_swamp,
          portal_ice_cave_entry_frozen_things, swamp_pool3,
          evilmike_swamp_ruin_house_6, roderic_carrion_pond,
          infiniplex_staircase_pool
Spider:1: layout_chambers, drop_trap
Spider:2: layout_chambers, worms_lemuel
Spider:3: layout_spider_delve
Spider:4: grunt_spider_rune_circles, spiders_nest_ghost_moth_duel, uniq_mara,
          uniq_bai_suzhen, uniq_roxanne, uniq_asterion
Orc:1:    layout_caves, serial_shops, shop,
          nicolae_shop_competitors_out_of_business,
          chequers_guarded_unrand_ignorance, uniq_maurice
Orc:2:    pf_orc_diabolical, layout_caves
Elf:1:    layout_geoelf_octagon, serial_shops, nicolae_shop_stone,
          minmay_elf_sorcery, uniq_aizul, uniq_louise
Elf:2:    layout_rooms
Elf:3:    minmay_elf_hall_furrowed, layout_rooms, hangedman_decor_cross_pass
Vaults:1: nicolae_vaults_windows_and_doors_thing, nicolae_vaults_sealed_display,
          vaults_door_vault, v_misc_9, nicolae_vaults_theta,
          nicolae_vaults_yaktaur_gun_rack, dpeg_vaults_monster_box,
          layout_vaults_quadrants
Vaults:2: ontoclasm_vaults_spin, v_misc_30, nicolae_vaults_little_squares_4,
          v_alt_pattern_4, vaults_room_ringed_pool,
          minmay_crypt_entry_simple_walls, ontoclasm_vaults_fault,
          vaults_mumra_hexcomb, ontoclasm_vaults_bender,
          ontoclasm_vaults_hangar, nicolae_vaults_circle_grid_b,
          layout_vaults_big_room, serial_shops, shop_coins
Vaults:3: grunt_vaults_twisty, hangedman_vaults_pinch, vaults_dpeg_hooks,
          vaults_room_hallway, v_misc_2, nicolae_vaults_little_squares_4,
          dpeg_vaults_monster_row, grunt_vaults_swirl,
          vaults_room_hangedman_quadrants, ontoclasm_vaults_decontamination,
          nicolae_vaults_border_crossing, vaults_room_pools, layout_vaults_ring
Vaults:4: hangedman_vaults_river_flow, nicolae_vaults_theta, v_misc_10,
          vaults_room_boxed, vaults_room_door_hall,
          nicolae_vaults_network_quincunx
          [nicolae_vaults_network_quincunx_subvault,
          nicolae_vaults_network_quincunx_subvault,
          nicolae_vaults_network_quincunx_subvault,
          nicolae_vaults_network_quincunx_subvault,
          nicolae_vaults_network_quincunx_subvault], vaults_room_fours,
          vaults_room_pools, nicolae_vaults_meeting, layout_vaults_big_cross,
          uniq_xtahua, uniq_jory

Skill      XL: |  1  2  3  4  5  6  7  8  9 10 11 12 13 14 15 16 17 18 19 20 21 |
---------------+----------------------------------------------------------------+-----
Long Blades    | 3 4 5 7 |  7.2
Dodging        | 3 4 5 6 7 8 9 10 11 | 11.1
Armour         | 1 2 4 5 6 7 8 9 10 | 10.6
Shields        | 1 2 3 4 5 8 10 11 13 14 15 16 17 18 | 18.0
Axes           | 1 2 4 6 8 9 11 12 13 14 15 16 17 18 | 18.3
Fighting       | 3 4 5 6 7 9 10 11 12 13 14 15 | 15.4
Stealth        | 1 2 3 4 5 6 7 8 |  8.8
Maces & Flails | 1 2 5 7 9 |  9.5
Evocations     | 1 |  1.9
Throwing       | 2 |  2.1
Spellcasting   | |  0.2
Translocations | |  0.2

Action                   |  1- 3 |  4- 6 |  7- 9 | 10-12 | 13-15 | 16-18 | 19-21 || total
-------------------------+-------+-------+-------+-------+-------+-------+-------++-------
Melee: Long sword        |   114 |    20 |       |       |       |       |       ||   134
       Hand axe          |       |   155 |   286 |   551 |  1201 |   163 |       ||  2356
       Headbutt          |       |    34 |    54 |   132 |   388 |   540 |   244 ||  1392
       Whip              |       |       |       |    31 |       |       |       ||    31
       Scimitar          |       |       |       |       |   102 |   204 |       ||   306
       Broad axe         |       |       |       |       |   278 |   394 |   662 ||  1334
       Demon whip        |       |       |       |       |       |  1029 |    11 ||  1040
       Demon blade       |       |       |       |       |       |   144 |       ||   144
       Morningstar       |       |       |       |       |       |       |   337 ||   337
       War axe           |       |       |       |       |       |       |    25 ||    25
Throw: Throwing net      |     2 |       |     1 |       |     1 |     1 |       ||     5
       Boomerang         |       |       |       |       |       |    13 |     2 ||    15
 Cast: Apportation       |       |       |       |       |     3 |       |       ||     3
 Abil: Evoke Flight      |       |       |       |       |     1 |     1 |       ||     2
Evoke: Wand              |       |       |       |     2 |    13 |    22 |     5 ||    42
  Use: Scroll            |     2 |       |     1 |    21 |     6 |    20 |    12 ||    62
       Potion            |       |     1 |     1 |    15 |     5 |    12 |       ||    34
 Stab: Sleeping          |     2 |     2 |     4 |    18 |    11 |    12 |    12 ||    61
       Held in net/web   |     2 |       |     1 |       |       |     1 |       ||     4
       Invisible         |       |       |       |     3 |       |       |       ||     3
       Distracted        |       |       |       |       |     6 |    16 |    10 ||    32
  Eat: Chunk             |     5 |     7 |    10 |    19 |    30 |    26 |    25 ||   122
       Ration            |       |     1 |     1 |     2 |     1 |     4 |     1 ||    10
Armor: Leather armour    |     5 |       |       |       |       |       |       ||     5
       Ring mail         |    27 |    54 |    66 |    85 |    57 |       |       ||   289
       Chain mail        |       |       |       |       |    85 |    87 |       ||   172
       Storm dragon scal |       |       |       |       |       |   605 |   152 ||   757
Dodge: Dodged            |    76 |   100 |   162 |   446 |   337 |   556 |   114 ||  1791
Block: Buckler           |    13 |    29 |    46 |   109 |       |       |       ||   197
       Tower shield      |       |       |       |       |  1675 |  2926 |  1267 ||  5868
       Rpst.: Long sword |    24 |     7 |       |       |       |       |       ||    31
       Scimitar          |       |       |       |       |     6 |    10 |       ||    16
       Demon blade       |       |       |       |       |       |    14 |       ||    14
